AoeStats
← hattivatti266

Arabia

510728931Analyzed
4v4 RM · 1d ago on Oct 2, 2026· 49m 13s· 8 players
Game mode
Random Map
Map size
Large (8 player)
Population
200
Speed
Normal
Resources
Standard
Victory
Conquest
Starting age
Dark Age
Ending age
Imperial Age
RankedLock teamsTeams togetherTeam positionsShared explorationLock speedFull tech treeHidden civsTurbo modeCheats
Victory
Defeat
🇨🇳 Franks · China
1019
+14
🇷🇺 Aztecs · Russia
988
+16
🇨🇳 Chinese · China
959
+17
🇨🇳 Magyars · China
907
+19
🇪🇸 Khmer · Spain
1047
-19
🇫🇷 Bulgarians · France
1042
-20
🇧🇪 Chinese · Belgium
973
-16
🇫🇮 Franks · Finland
849
-11
联通专业户
0:30 Loom
9:20 Feudal Age
12:25 Horse Collar
20:12 Double-Bit Axe
23:06 Castle Age
23:02 Gold Mining
24:26 Wheelbarrow
23:25 Crossbowman
24:34 Bow Saw
25:04 Gold Shaft Mining
24:54 Heavy Plow
25:33 Fletching
25:45 Padded Archer Armor
26:25 Forging
27:47 Padded Archer Armor
27:43 Bodkin Arrow
28:21 Hand Cart
29:31 Ballistics
30:33 Padded Archer Armor
30:33 Scale Mail Armor
31:12 Thumb Ring
36:20 Imperial Age
35:29 Stone Mining
36:23 Bloodlines
36:13 Husbandry
37:09 Stone Shaft Mining
36:22 Town Watch
37:12 Chain Mail Armor
37:32 Iron Casting
37:03 Scale Barding Armor
37:14 Leather Archer Armor
36:37 Cavalier
39:26 Plate Mail Armor
38:56 Bracer
39:23 Town Patrol
39:11 Elite Skirmisher
40:46 Conscription
41:24 Ring Archer Armor
41:25 Plate Mail Armor
48:22 Chemistry
48:13 Elite Chu Ko Nu
49:34 Plate Mail Armor
50:04 Blast Furnace
49:24 Chain Barding Armor
藍采和
5:07 Loom
13:26 Feudal Age
14:25 Double-Bit Axe
14:32 Stone Mining
14:35 Gold Mining
17:12 Castle Age
22:18 Imperial Age
20:15 Sanctity
21:38 Fervor
22:16 Atonement
23:14 Block Printing
23:43 Theocracy
25:05 Illumination
26:25 Conscription
27:37 Redemption
38:35 Pikeman
41:25 Devotion
41:20 Herbal Medicine
41:53 Forging
43:27 Garland Wars
44:59 Squires
45:41 Iron Casting
46:25 Bow Saw
47:45 Blast Furnace
北极熊
11:39 Feudal Age
13:31 Wheelbarrow
16:47 Castle Age
23:10 Double-Bit Axe
27:12 Gold Mining
27:15 Stone Mining
27:37 Bow Saw
27:46 Hand Cart
30:16 Fletching
30:14 Town Watch
30:15 Loom
30:47 Forging
30:42 Scale Barding Armor
30:41 Husbandry
32:08 Gold Shaft Mining
32:06 Bodkin Arrow
32:47 Iron Casting
36:10 Imperial Age
36:15 Town Patrol
36:38 Chain Barding Armor
37:59 Blast Furnace
36:57 Murder Holes
37:17 Fortified Wall
36:49 Treadmill Crane
37:33 Ballistics
38:14 Chemistry
36:42 Cavalier
38:28 Paladin
39:12 Scale Mail Armor
40:04 Plate Barding Armor
41:26 Siege Engineers
41:02 Treadmill Crane
41:41 Chain Mail Armor
40:49 Light Cavalry
42:00 Conscription
41:43 Chivalry
41:11 Ordonnance Companies
42:32 Hoardings
43:37 Plate Mail Armor
45:37 Masonry
Jascsdc001
9:57 Loom
11:42 Feudal Age
26:44 Castle Age
39:10 Bloodlines
39:00 Husbandry
39:56 Husbandry
42:44 Double-Bit Axe
44:12 Bow Saw
45:46 Wheelbarrow
45:39 Light Cavalry
hattivatti266
10:46 Feudal Age
12:22 Double-Bit Axe
17:04 Castle Age
18:05 Bow Saw
18:03 Gold Mining
22:51 Loom
24:47 Wheelbarrow
25:15 Forging
25:15 Stone Mining
27:23 Hand Cart
32:50 Caravan
35:36 Imperial Age
40:19 Cavalier
42:03 Scale Barding Armor
47:37 Paladin
georgke.be
0:29 Loom
11:28 Feudal Age
12:48 Double-Bit Axe
12:45 Horse Collar
20:14 Castle Age
18:46 Fletching
18:56 Padded Archer Armor
18:56 Gold Mining
21:22 Stone Mining
21:34 Heavy Plow
21:48 Bow Saw
22:50 Gold Shaft Mining
23:59 Stone Shaft Mining
24:35 Bodkin Arrow
24:40 Padded Archer Armor
27:34 Wheelbarrow
26:48 Town Watch
28:07 Leather Archer Armor
28:07 Thumb Ring
28:53 Scale Barding Armor
30:15 Bloodlines
30:05 Husbandry
31:41 Chain Barding Armor
31:42 Husbandry
32:58 Hand Cart
32:44 Town Patrol
38:19 Imperial Age
36:51 Light Cavalry
38:03 Forging
43:44 Elite Chu Ko Nu
46:07 Chemistry
45:28 Ballistics
45:19 Masonry
45:05 Murder Holes
49:02 Bracer
49:32 Ring Archer Armor
49:38 Iron Casting
49:39 Plate Barding Armor
Strictness
1:50 Loom
11:23 Feudal Age
12:11 Double-Bit Axe
13:02 Forging
12:52 Scale Mail Armor
13:29 Scale Mail Armor
13:56 Arson
16:42 Horse Collar
22:45 Castle Age
20:44 Gold Mining
23:03 Bloodlines
23:00 Scale Barding Armor
23:29 Squires
25:14 Fletching
25:48 Padded Archer Armor
26:28 Bodkin Arrow
28:33 Bow Saw
29:18 Elite Skirmisher
30:33 Husbandry
31:26 Leather Archer Armor
32:29 Pikeman
32:55 Gambesons
34:40 Wheelbarrow
37:24 Heavy Plow
39:53 Town Watch
41:05 Hand Cart
43:23 Imperial Age
42:17 Iron Casting
42:35 Chain Mail Armor
45:52 Light Cavalry
46:54 Chain Barding Armor
40LD_J0m3R
6:51 Loom
9:09 Feudal Age
10:00 Double-Bit Axe
13:41 Forging
15:03 Horse Collar
18:38 Bloodlines
19:34 Scale Barding Armor
20:50 Wheelbarrow
23:40 Castle Age
22:00 Gold Mining
24:47 Husbandry
25:09 Chain Barding Armor
25:25 Iron Casting
25:17 Hand Cart
25:15 Bow Saw
25:13 Heavy Plow
26:12 Town Watch
30:28 Light Cavalry
32:37 Gold Shaft Mining
31:54 Stone Mining
34:49 Stone Shaft Mining
36:34 Fletching
49:29 Imperial Age
Connection lost

Rejoining the realm…

Still unreachable

The connection could not be restored.

Session expired

The server has moved on; the page needs a fresh start.